 Dungeon Crawl Stone Soup version 0.31-a0-544-gceb718ecc6 (webtiles) character file.

Game seed: 17929956214614634055

1092 Newt the Changeling (level 8, -5/64 HPs)
             Began as a Merfolk Shapeshifter on Aug 15, 2023.
             Slain by innerfire43's ghost (6 damage)
             ... on level 6 of the Dungeon.
             The game lasted 00:04:35 (4066 turns).

Newt the Changeling (Merfolk Shapeshifter)          Turns: 4066, Time: 00:04:36

Health: -5/64      AC:  6    Str: 22    XL:     8   Next: 31%
Magic:  14/14      EV: 16    Int: 12    God:
Gold:   968        SH:  7    Dex: 13    Spells: 7/7 levels left

rFire   . . .        i - +6 Majin-Bo {spellvamp, MP+6 Int+6}
rCold   . . .        D - +0 kite shield
rNeg    . . .        a - +0 animal skin
rPois   .            (helmet currently unavailable)
rElec   .            (cloak currently unavailable)
rCorr   .            (gloves currently unavailable)
SInv    .            (boots currently unavailable)
Will    .....        A - amulet of faith
Stlth   +            m - +5 ring of evasion
HPRegen 0.30/turn    n - +4 ring of protection
MPRegen 0.14/turn

%: random rage (3%), faith
@: mighty, lethally poisoned (-5 -> -20), beast-form, slowed, studying
Shapeshifting, very slow
A: beast (slay +4), (nimble swimmer 2), mertail, berserk 1, strong 1, inability
to drink after injury 1
a: Begin Untransformation


You were on level 6 of the Dungeon.
You were a hulking beast.
You visited 1 branch of the dungeon, and saw 6 of its levels.

You collected 968 gold pieces.

Inventory:

Hand Weapons
 e - a +0 club
 h - a +0 flail
 i - the +6 Majin-Bo (weapon) {spellvamp, MP+6 Int+6}
   (You acquired it on level 2 of the Dungeon)

   Int+6:     It affects your intelligence (+6).
   MP+6:      It affects your magic capacity (+6).
Armour
 a - a +0 animal skin (worn)
 q - a +0 helmet
 D - a +0 kite shield (worn)
Jewellery
 m - a +5 ring of evasion (left hand)
 n - a +4 ring of protection (right hand)
 x - a ring of ice
 A - an amulet of faith (around neck)
 F - a ring of fire
Talismans
 c - a beast talisman (active)
 d - a flux talisman
Wands
 u - a wand of light (12)
 y - a wand of mindburst (13)
 H - a wand of paralysis (9)
Scrolls
 j - a scroll of butterflies {unknown}
 o - a scroll of silence {unknown}
 p - a scroll of brand weapon {unknown}
 r - 2 scrolls of amnesia {unknown}
 s - 2 scrolls of enchant armour {unknown}
 t - 2 scrolls of poison {unknown}
 w - 2 scrolls of noise {unknown}
 z - 2 scrolls of blinking {unknown}
 B - a scroll of revelation {unknown}
 C - a scroll of teleportation {unknown}
 E - a scroll of vulnerability {unknown}
 G - a scroll of enchant weapon {unknown}
 I - a scroll of identify
Potions
 b - a potion of lignification
 g - 2 potions of resistance
 k - a potion of degeneration
 v - 5 potions of curing


   Skills:
 - Level 6.0 Fighting
 + Level 5.7 Staves
 - Level 2.6 Dodging
 - Level 3.2 Unarmed Combat
 - Level 6.0 Shapeshifting


You had 7 spell levels left.
You didn't know any spells.
Your spell library contained the following spells:

 Spells                   Type           Power      Damage    Failure   Level
 Slow                     Hex            0%         N/A       65%         1
 Poisonous Vapours        Pois/Air       0%         N/A       78%         2
 Sublimation of Blood     Necr           0%         N/A       78%         2
 Confusing Touch          Hex            0%         N/A       95%         3
 Mephitic Cloud           Conj/Pois/Air  0%         N/A       95%         3
 Vampiric Draining        Necr           0%         2d6       95%         3
 Petrify                  Tmut/Erth      0%         N/A       100%        4
 Freezing Cloud           Conj/Ice/Air   0%         6-21      100%        5
 Irradiate                Conj/Tmut      0%         3d11      100%        5
 Chain Lightning          Conj/Air       0%         N/A       100%        9
 Fire Storm               Conj/Fire      0%         5d1       100%        9
 Shatter                  Erth           0%         3d5*      100%        9


Dungeon Overview and Level Annotations

Branches:
Dungeon (6/15)
 Temple: D:4-7

Altars:
Fedhas
Hepliaklqana
Kikubaaqudgha
Sif Muna
Vehumet
Wu Jian
Xom
Zin

Shops:
D:6 *

Annotations:
D:6 1 transporter, innerfire43's ghost, novice GnSh


Innate Abilities, Weirdness & Mutations

You are a hulking beast.
Your limbs bulge with bestial killing power. (Slay +4)
((You are very nimble when in or above water. (Stealth+, EV+, Speed+++)))
Your lower body shifts to a powerful aquatic tail in water.
You sometimes lose your temper in combat.
Your muscles are strong. (Str +4, Int/Dex -1)
You occasionally lose the ability to drink potions when taking damage.


Message History

The gnoll closely misses you. Innerfire43's ghost hits you.
Unknown command.
You sock innerfire43's ghost!
Innerfire43's ghost is heavily damaged.
You feel very sick. You block the gnoll's attack. Innerfire43's ghost hits you.
You block innerfire43's ghost's attack.
Unknown command.
You closely miss innerfire43's ghost.
Innerfire43's ghost is heavily damaged.
You feel very sick. Innerfire43's ghost hits you.
* * * LOW HITPOINT WARNING * * *
Unknown command.
Unknown command.
You closely miss innerfire43's ghost.
Innerfire43's ghost is heavily damaged.
You feel sick.
The gnoll sergeant throws a curare-tipped dart.
You block the curare-tipped dart. Innerfire43's ghost misses you.
You block the gnoll sergeant's attack. Innerfire43's ghost hits you!
* * * LOW HITPOINT WARNING * * *
Unknown command.
You feel better.
The gnoll sergeant hits you from afar with the +5 spear "Kemu" {elec, +Blink rPois Will+ Stlth+}!
* * * LOW HITPOINT WARNING * * *
Innerfire43's ghost closely misses you.
Unknown command.
It was a potion of mutation.
You feel extremely strange.
You occasionally lose the ability to drink potions when taking damage.
You feel a little pissed off.
You feel stronger. The gnoll sergeant barely misses you.
Innerfire43's ghost misses you.
The gnoll sergeant throws a curare-tipped dart.
The curare-tipped dart hits you.
You are lethally poisoned!
You have difficulty breathing.
* * * LOW HITPOINT WARNING * * *
You feel as though you will be slow longer.
Innerfire43's ghost hits you.
You die...

#..≈≈#..###.###W.#≈≈...##.
#..≈≈#......g....#≈≈..###.
#..≈≈###.##'##W###≈≈..####
#..≈≈..#.#$$.#.#..≈≈.....#
#..≈≈.##.#$..#W##.≈≈.....#
#..≈≈.#©g#!:.#.g#)≈≈......
#..≈≈.##g#####.##.≈≈......
#......#W#8⌠8#.#..≈≈.|...#
#.....©#)h.©.'.#©.~~.....#
#......#.#...#.#..≈≈.....#
#..≈≈.##.##g##.##.≈≈.#####
#..≈≈.#..#.g.#.g#.≈≈.#
#..≈≈.##.g...'.##.≈≈.#
#..≈≈..#.#...#.#..≈≈.#
#..≈≈###.##'##.###≈≈.####
#..≈≈#...........#≈≈....##
#..≈≈#..###g###gg#≈≈.##...


You could see a gnoll sergeant, innerfire43's ghost and 3 gnolls.

Vanquished Creatures
  A black bear (D:4)
  An ogre (D:4)
  A centaur (D:6)
  3 scorpions
  5 wights (D:6)
  A howler monkey (D:6)
  2 orc priests
  3 hounds
  A jelly (D:6)
  A sleepcap (D:4)
  An orc wizard (D:6)
  4 adders
  2 gnolls
  An ufetubus (D:3)
  A worm (D:2)
  5 dart slugs
  10 orcs
  4 bats
  5 endoplasms
  5 giant cockroaches
  9 goblins
  2 hobgoblins
  3 kobolds
  A quokka (D:4)
  11 ball pythons
  3 frilled lizards
  5 rats
91 creatures vanquished.

Notes
Turn   | Place    | Note
-------+----------+-------------------------------------------
     0 | D:1      | Newt the Merfolk Shapeshifter began the quest for the Orb.
     0 | D:1      | Reached XP level 1. HP: 15/15 MP: 1/1
    74 | D:1      | Reached XP level 2. HP: 10/22 MP: 2/2
   568 | D:1      | Reached XP level 3. HP: 16/29 MP: 3/3
  1200 | D:2      | Identified 3 scrolls of acquirement
  1200 | D:2      | Acquired a manual of Shapeshifting
  1202 | D:2      | Acquired 673 gold pieces
  1204 | D:2      | Acquired the +6 Majin-Bo {spellvamp, MP+6 Int+6}
  1204 | D:2      | Found the +6 Majin-Bo {spellvamp, MP+6 Int+6}
  1387 | D:2      | Found a faded altar of an unknown god.
  1395 | D:2      | Reached skill level 5 in Shapeshifting
  1396 | D:2      | Reached XP level 4. HP: 35/35 MP: 4/4
  1588 | D:3      | Found a shimmering altar of Xom.
  1588 | D:3      | Found a radiant altar of Vehumet.
  1937 | D:3      | Identified the +3 short sword of the Reaper {freeze, Contam
                  | rPois rN+++ Str-4}
  1938 | D:3      | Found a hazy altar of Hepliaklqana.
  2399 | D:4      | Reached skill level 1 in Staves
  2433 | D:4      | Reached XP level 5. HP: 41/41 MP: 5/5
  2517 | D:4      | Found an ornate altar of the Wu Jian Council.
  2517 | D:4      | Noticed a black bear
  2521 | D:4      | Killed a black bear
  2522 | D:4      | Reached XP level 6. HP: 47/47 MP: 6/6
  2711 | D:4      | Found a blossoming altar of Fedhas.
  2853 | D:5      | Entered Level 5 of the Dungeon
  2864 | D:5      | Reached skill level 5 in Fighting
  2864 | D:5      | Reached XP level 7. HP: 56/56 MP: 7/7
  2994 | D:5      | Found an ancient bone altar of Kikubaaqudgha.
  3391 | D:6      | Found Zin's Purification Station.
  3398 | D:6      | Found a glowing silver altar of Zin.
  3584 | D:6      | Reached XP level 8. HP: 50/64 MP: 8/8
  3590 | D:6      | Reached skill level 5 in Staves
  3692 | D:6      | Identified the +5 spear "Kemu" {elec, +Blink rPois Will+
                  | Stlth+}
  3692 | D:6      | Identified the -2 kite shield of Nump {+Inv rElec Slay+2}
  3709 | D:6      | Found a transporter.
  3717 | D:6      | Found a transporter.
  3891 | D:6      | Found a shimmering blue altar of Sif Muna.
  4027 | D:6      | Noticed innerfire43's ghost (novice GnSh)
  4066 | D:6      | Gained mutation: You occasionally lose the ability to drink
                  | potions when taking damage. [potion of mutation]
  4066 | D:6      | Gained mutation: You sometimes lose your temper in combat.
                  | [potion of mutation]
  4066 | D:6      | Gained mutation: Your muscles are strong. (Str +4, Int/Dex
                  | -1) [potion of mutation]
  4066 | D:6      | HP: 1/64 [asphyx]
  4066 | D:6      | Slain by innerfire43's ghost

Illustrated notes

Levels and vault maps discovered:
D:1:      roderic_chinese_lattice_arrival, layout_loops_ring, serial_forest,
          infiniplex_forest_lined_room_2, infiniplex_forest_lined_ring,
          infiniplex_forest_lined_room_2, infiniplex_forest_corner_1,
          infiniplex_forest_lined_3, infiniplex_forest_lined_room_2,
          infiniplex_forest_side_room, infiniplex_forest_zigzag_2
D:2:      layout_rooms, hellmonk_ecumenical_altar_blasted,
          kennysheep_generic_room_11
D:3:      layout_loops_cross, nicolae_hepliaklqana_hazy_memory,
          gammafunk_temple_overflow_elements, minmay_misc_feat_x
D:4:      layout_rooms, mainiacjoe_overflow_small_starburst,
          mainiacjoe_overflow_six_doors_small, chequers_jeans
D:5:      layout_cave_pools, old_standard_altar
D:6:      layout_rooms, zin_purify, lemuel_tele_altar,
          gammafunk_ghost_gnarly_gnolls

Skill      XL: |  1  2  3  4  5  6  7  8 |
---------------+-------------------------+-----
Fighting       | 2 3 5 6 |  6.0
Shapeshifting  | 5 6 |  6.0
Staves         | 1 3 4 5 |  5.7
Dodging        | |  2.6
Unarmed Combat | |  3.2

Action                     |  1- 3 |  4- 6 |  7- 9 || total
---------------------------+-------+-------+-------++-------
  Melee: Unarmed           |    16 |       |       ||    16
         Club              |    30 |       |       ||    30
         Flail             |    28 |       |       ||    28
         Bo                |     6 |    52 |    55 ||   113
         Punch             |       |     4 |       ||     4
    Use: Scroll            |     4 |       |     3 ||     7
         Potion            |       |       |     4 ||     4
   Stab: Distracted        |     1 |       |       ||     1
         Sleeping          |       |     2 |     1 ||     3
 Armour: Animal skin       |    20 |     8 |     8 ||    36
  Dodge: Dodged            |    49 |    37 |    35 ||   121
  Block: Kite shield       |       |       |    18 ||    18

Table legend: (Time is in decaauts)
 A = Elapsed time spent in this place.
 B = Non-inter-level travel time spent in this place.
 C = Inter-level travel time spent in this place.
 D = Time resting spent in this place.
 E = Time spent auto-exploring this place.
 F = Levels seen in this place.
 G = Mean time per level.
                   A        B        C        D        E       F      G
               +--------+--------+--------+--------+--------+-----+--------+
         Total |   4086 |   3857 |    229 |    270 |   2987 |   6 |  681.0 |
       Dungeon |   4086 |   3857 |    229 |    270 |   2987 |   6 |  681.0 |
               +--------+--------+--------+--------+--------+-----+--------+

Top non-repeatable levels by time:
     D:1: 1153 daAuts
     D:6: 778 daAuts
     D:3: 770 daAuts
     D:4: 565 daAuts
     D:5: 430 daAuts
     D:2: 387 daAuts
